Map: Thunderbird LE

Players

soul

  • Race: Terran Terran
  • League: Grandmaster
  • Spawn Location: 5:00

Cure - Winner!

  • Race: Terran Terran
  • League: Master
  • Spawn Location: 11:00

Event: HomeStory Cup XX

VOD

Have the link to the VOD?

Description

Time

  • Played on: Nov. 21, 2019, 5:57 a.m.
  • Length: 9:32

All games in this series

Show
View Real Time Build Order
Export as new Build Order

soul Terran 

Build Orders: Gas First Reaper Expand 

Get SALT Encoding   

  12  0:00  SCV  
  13  0:12  SCV  
  14  0:17  Supply Depot  
  14  0:25  SCV  
  15  0:28  Refinery  
  15  0:38  SCV  
  16  0:44  Barracks  
  16  0:50  SCV  
  17  1:02  SCV  
  18  1:15  SCV  
  19  1:32  Orbital Command, Reaper  
  20  1:44  Command Center  
  20  1:55  Factory  
  20  1:58  SCV  
  21  2:07  Barracks Reactor  
  21  2:09  Supply Depot  
  21  2:13  SCV  
  22  2:16  Refinery  
  20  2:39  SCV  
  20  2:41  Hellion  
  20  2:42  Starport  
  23  2:44  Marine x2  
  23  2:51  SCV  
  25  3:03  SCV  
  25  3:04  Factory Tech Lab  
  25  3:05  Marine  
  27  3:08  Marine  
  28  3:15  SCV  
  29  3:23  Starport Tech Lab  
  29  3:27  SCV  
  29  3:28  Refinery  
  29  3:31  Marine  
  29  3:32  Cyclone  
  34  3:39  Orbital Command  
  34  3:42  SCV  
  34  3:44  Marine  
  36  3:49  Marine  
  36  3:52  Raven  
  39  3:56  SCV  
  39  4:02  Marine  
  40  4:04  SCV  
  40  4:08  SCV  
  42  4:13  Siege Tank  
  42  4:16  Marine  
  46  4:21  Supply Depot  
  46  4:25  Supply Depot  
  46  4:35  Supply Depot  
  46  4:37  SCV  
  46  4:39  Marine, SCV  
  46  4:45  Siege Tank  
  49  4:49  SCV  
  49  4:51  SCV  
  44  4:53  Marine  
  45  5:01  SCV  
  45  5:02  Marine  
  45  5:03  SCV  
  48  5:07  Raven  
  48  5:13  SCV  
  51  5:15  Marine, SCV  
  51  5:20  Marine  
  54  5:25  Siege Tank, SCV  
  54  5:27  SCV  
  54  5:28  Supply Depot  
  59  5:37  SCV  
  59  5:39  SCV  
  59  5:41  Supply Depot  
  64  5:50  SCV  
  64  5:51  SCV  
  63  6:02  SCV  
  63  6:03  SCV  
  64  6:14  SCV  
  64  6:15  SCV  
  64  6:19  Viking x2  
  66  6:26  SCV  
  66  6:28  SCV  
  68  6:33  Marine  
  68  6:34  Stimpack, Command Center  
  68  6:38  Siege Tank, SCV  
  73  6:40  SCV  
  74  6:50  SCV  
  74  6:52  SCV  
  76  6:57  Supply Depot  
  76  6:58  Supply Depot  
  76  6:59  Viking x2  
  80  7:02  SCV  
  80  7:04  SCV  
  81  7:11  Barracks  
  81  7:12  Barracks  
  81  7:14  SCV  
  82  7:17  SCV  
  82  7:22  Marine  
  80  7:29  Viking, SCV  
  84  7:38  Orbital Command  
  84  7:40  Marine  
  84  7:41  SCV  
  85  7:44  Viking  
  87  7:54  Orbital Command  
  86  7:59  SCV  
  87  8:07  SCV  
  87  8:10  Barracks Reactor  
  87  8:11  SCV  
  91  8:16  Barracks Reactor  
  91  8:21  Refinery  
  91  8:23  Refinery  
  91  8:25  SCV  
  92  8:28  SCV  
  92  8:30  SCV  
  91  8:34  Medivac x2  
  91  8:37  Marine  
  91  8:40  SCV  
  94  8:41  SCV  
  94  8:44  SCV  
  94  8:45  Supply Depot  
  94  8:47  Supply Depot  
  96  8:50  Marine x2  
  96  8:55  Marine x2, Siege Tank  
  101  8:59  Engineering Bay x2, SCV x2  
  101  9:01  SCV  
  106  9:05  Supply Depot  
  106  9:07  Marine  
  106  9:08  Marine  
  108  9:11  Supply Depot x2, SCV x2  
  108  9:13  Marine  
  108  9:14  SCV  
  115  9:26  Supply Depot  
  115  9:28  Supply Depot  
Show
View Real Time Build Order
Export as new Build Order

Cure Terran - Winner!

Build Orders: Gas First Reaper Expand, Liberator Opening 

Get SALT Encoding   

  12  0:00  SCV  
  13  0:12  SCV  
  14  0:17  Supply Depot  
  14  0:24  SCV  
  14  0:27  Refinery  
  15  0:38  SCV  
  16  0:43  Barracks  
  16  0:50  SCV  
  17  1:02  SCV  
  18  1:15  SCV  
  19  1:30  Orbital Command, Reaper  
  20  1:42  Command Center  
  20  1:55  Factory  
  20  1:57  SCV  
  21  2:04  Barracks Reactor  
  21  2:09  SCV  
  21  2:13  Supply Depot  
  22  2:16  Refinery  
  22  2:21  SCV  
  23  2:34  SCV  
  23  2:46  Starport, SCV  
  24  2:54  Hellion x2  
  24  2:56  Orbital Command  
  24  2:58  SCV  
  29  2:59  Barracks Tech Lab  
  29  3:05  Liberator  
  29  3:10  SCV  
  30  3:17  Hellion x2  
  34  3:22  SCV  
  34  3:24  SCV  
  39  3:29  Supply Depot  
  39  3:34  SCV  
  39  3:36  SCV  
  41  3:43  Refinery  
  41  3:47  SCV  
  41  3:48  SCV  
  43  3:49  Supply Depot  
  43  3:51  Hellion  
  43  3:52  Hellion  
  47  3:59  SCV  
  47  4:00  SCV  
  49  4:11  SCV  
  49  4:12  SCV, Raven  
  53  4:18  Marine x2, Supply Depot  
  53  4:22  Factory Tech Lab  
  53  4:23  SCV  
  56  4:24  SCV  
  56  4:29  Supply Depot  
  57  4:35  SCV  
  57  4:36  SCV  
  59  4:43  Command Center  
  59  4:44  Siege Tank  
  57  4:46  Marine x2  
  57  4:49  SCV  
  57  4:50  SCV  
  57  5:01  SCV  
  57  5:02  SCV  
  57  5:03  Refinery  
  59  5:10  Marine, Viking x2  
  64  5:15  SCV x2  
  64  5:16  Siege Tank  
  69  5:27  SCV x2  
  69  5:28  Marine  
  72  5:33  Stimpack  
  72  5:35  Barracks  
  72  5:36  Barracks  
  72  5:39  SCV x2  
  74  5:43  Engineering Bay x2  
  74  5:48  Marine  
  74  5:49  Siege Tank  
  78  5:54  SCV x2  
  78  5:55  Orbital Command  
  80  6:00  Medivac x2  
  84  6:06  Marine, SCV x2  
  87  6:11  Supply Depot  
  87  6:12  Terran Infantry Weapons Level 1  
  87  6:13  Terran Infantry Armor Level 1  
  87  6:18  SCV x2  
  87  6:21  Barracks Reactor  
  87  6:23  Barracks Reactor  
  87  6:24  Marine, Siege Tank  
  88  6:29  SCV  
  88  6:31  SCV x2  
  91  6:42  Marine, SCV  
  91  6:43  SCV, Barracks x2  
  91  6:44  Supply Depot x2  
  94  6:48  Refinery  
  94  6:49  Refinery  
  94  6:55  SCV  
  94  6:56  Siege Tank, SCV x2  
  94  7:00  Marine  
  101  7:05  Marine x4  
  105  7:10  Supply Depot  
  105  7:11  Supply Depot, SCV x3  
  105  7:12  Combat Shield  
  105  7:13  Sensor Tower  
  106  7:17  Marine  
  106  7:18  Medivac  
  106  7:20  Medivac  
  111  7:23  Marine x4  
  111  7:26  SCV x2  
  117  7:32  Siege Tank, SCV  
  117  7:35  Marine  
  122  7:41  Marine x4  
  123  7:46  Barracks Reactor  
  123  7:47  Barracks Reactor  
  123  7:48  SCV x3  
  126  7:54  Marine  
  126  7:55  Medivac x2  
  131  7:58  Marine x2, Armory  
  131  8:02  Supply Depot x2  
  131  8:03  Marine x2  
  131  8:12  Marine, Command Center, Siege Tank  
  123  8:16  Marine x2  
  123  8:17  SCV  
  123  8:18  Factory, SCV x2  
  128  8:21  Marine x2  
  128  8:22  Sensor Tower  
  130  8:27  Medivac x2  
  130  8:30  Marine, SCV  
  130  8:32  Marine x4  
  141  8:34  Marine, SCV x2  
  141  8:39  Marine  
  144  8:43  Marine  
  144  8:45  Siege Tank  
  147  8:49  Marine, Barracks Reactor  
  147  8:55  Supply Depot x2  
  147  8:58  Supply Depot x2  
  147  9:09  Fusion Core  
  147  9:10  Marine x2  
  155  9:22  Refinery  
  158  9:27  Refinery  
Tags
 
Add a new tag
Caveats
  • Supply blocks, unpowered buildings, or Contaminate may cause inaccurate times.
  • Supply counts are checked every 10 seconds.